 Dungeon Sprint DCSS version 0.19-b1-4-gd8a0a2a (webtiles) character file.

3557 Garfong the Earth Mage (level 10, -1/50 HPs)
             Began as a Gargoyle Earth Elementalist on Oct 30, 2016.
             Was the Champion of Vehumet.
             Blown up by an eye of devastation (21 damage)
             ... with a bolt of energy
             ... in the Dungeon (Sprint V: "Ziggurat Sprint").
             The game lasted 00:12:15 (1162 turns).

Garfong the Earth Mage (GrEE)                       Turns: 1162, Time: 00:12:15

Health: -1/50      AC: 24    Str: 12    XL:     10   Next: 9%
Magic:  14/18      EV: 12    Int: 19    God:    Vehumet [******]
Gold:   0          SH:  0    Dex:  9    Spells: 3 memorised, 11 levels left

rFire  + + .     SeeInvis .     O - +5 demon whip
rCold  + + .     Gourm    .     l - +5 fire dragon scales
rNeg   + . .     Faith    +     a - +3 buckler
rPois  ∞         Spirit   .     (no helmet)
rElec  +         Reflect  .     (no cloak)
rCorr  .         Harm     .     (no gloves)
MR     .....     Rnd*Rage +     (no boots)
Stlth  .......... NoTele   +    q - amulet of faith
                                W - ring of Xunytur {+Inv rPois rC+++ EV+4 Dex-5}
                                I - +6 ring of dexterity

@: confused
A: berserk 2, clumsy 1, deterioration 1, negative energy resistance 1,
electricity resistance, unbreathing, petrification resistance, rot immunity,
subdued magic 1, AC +7
a: Renounce Religion, Evoke Invisibility


You were in the Dungeon.
You worshipped Vehumet.
Vehumet was exalted by your worship.
You were not hungry.

You visited 1 branch

Inventory:

Hand Weapons
 O - a +5 demon whip (weapon)
 U - the +8 whip "Snakebite" {curare, rPois}
   (You found it in the Dungeon)

   It poisons the flesh of those it strikes.
   It protects you from poison.
Missiles
 b - 10 stones (quivered)
Armour
 a - a +3 buckler (worn)
 l - +5 fire dragon scales (worn)
 m - +5 ice dragon scales
Magical Staves
 G - an uncursed staff of energy
 R - an uncursed staff of power
Rods
 P - a +6 iron rod (12/12)
   (You found it in the Dungeon)
 T - a +7 rod of shadows (12/12)
   (You found it in the Dungeon)
 X - a +8 rod of inaccuracy (14/14)
   (You found it in the Dungeon)
Jewellery
 q - an amulet of faith (around neck)
 I - a +6 ring of dexterity (left hand)
 J - a +6 ring of dexterity
 K - a +6 ring of intelligence
 L - a +6 ring of intelligence
 M - a +6 ring of strength
 N - a +6 ring of strength
 W - the ring of Xunytur (right hand) {+Inv rPois rC+++ EV+4 Dex-5}
   (You found it in the Dungeon)

   [ring of evasion]

   It affects your evasion (+4).
   It affects your dexterity (-5).
   It renders you almost immune to cold.
   It protects you from poison.
   It lets you turn invisible.
Wands
 C - a wand of disintegration (7/24)
 D - a wand of iceblast (5/15)
 E - a wand of lightning (5/15)
 F - a wand of acid (5/15)
Scrolls
 j - 2 scrolls of blinking
 t - 4 scrolls of amnesia
 u - 3 scrolls of recharging
 v - 7 scrolls of fog
 w - a scroll of holy word
 x - 5 scrolls of identify
 y - 5 scrolls of remove curse
 z - a scroll of fear
Potions
 e - 4 potions of curing
 f - 6 potions of heal wounds
 g - 5 potions of haste
 h - 7 potions of magic
 i - 3 potions of berserk rage
 n - 2 potions of brilliance
 o - 2 potions of invisibility
 p - 4 potions of resistance
 r - 5 potions of agility
 s - 5 potions of might
Books
 c - the Guide on the Unholy Voyage
   (You found it in the Dungeon)

   Spells                             Type                      Level
   a - Animate Skeleton               Necromancy                   1
   b - Pain                           Necromancy                   1
   c - Blink                          Translocation                2
   d - Regeneration                   Charms/Necromancy            3
   e - Gell's Gravitas                Hexes/Translocation          3
   f - Passage of Golubria            Translocation                4
   g - Dispel Undead                  Necromancy                   5
 k - a book of Geomancy

   Spells                             Type                      Level
   a - Sandblast                      Earth                        1
   b - Passwall                       Transmutation/Earth          2
   c - Stone Arrow                    Conjuration/Earth            3
   d - Petrify                        Transmutation/Earth          4
   e - Lee's Rapid Deconstruction     Earth                        5
Miscellaneous
 H - a crystal ball of energy
 Q - a fan of gales
 S - 3 phantom mirrors
Comestibles
 d - 5 bread rations
 A - 42 fruits
 B - 4 meat rations
 V - 2 chunks of flesh


   Skills:
 - Level 12.5 Maces & Flails
 - Level 11.7 Armour
 - Level 1.5 Dodging
 - Level 2.1 Stealth
 + Level 5.9 Spellcasting
   Level 0.7 Transmutations
 - Level 16.7 Earth Magic


You had 11 spell levels left.
You knew the following spells:

 Your Spells              Type           Power        Failure   Level  Hunger
a - Sandblast             Erth           ######       1%          1    None
b - Stone Arrow           Conj/Erth      ####..       2%          3    ##.....
e - Lee's Rapid Deconstr  Erth           ######....   1%          5    #####..


Dungeon Overview and Level Annotations

Branches:
Dungeon (1/1)

Altars:
Ashenzari
Cheibriados
Dithmenos
Elyvilon
Fedhas
Gozag
Hepliaklqana
Kikubaaqudgha
Makhleb
Nemelex Xobeh
Okawaru
Qazlal
Ru
Sif Muna
Trog
Uskayaw
Vehumet
Xom
Yredelemnul
Zin
The Shining One
Beogh
Jiyva
Lugonu


Innate Abilities, Weirdness & Mutations

You are resistant to torment.
Your stone body is resilient. (AC +7)
You are immune to poison.
You resist negative energy. (rN+)
You are resistant to electric shocks. (rElec)
You can survive without breathing.
You are immune to petrification.
You are immune to rotting.
You often lose your temper in combat.
You are clumsy. (Dex -2)
Your body sometimes deteriorates upon taking damage.
Your spells are a little easier to cast, but a little less powerful.


Message History

The golden eye blinks at you.
Unknown command.
You whack the shining eye!
The shining eye is severely wounded.
The ooze barely misses you. The slime creature hits you.
You hit the shining eye.
The shining eye is almost dead.
Unknown command.
You whack the shining eye!
You kill the shining eye!
Vehumet accepts your kill.
You feel your intelligence returning.
Your Spellcasting skill gained 2 levels and is now at level 5!
You have reached level 10!
The golden eye blinks at you.
You are more confused.
The golden eye blinks!
The eye of devastation gazes at you. The bolt of energy hits you!
You die...

▓...8©8...▓..8©8..▓
▓..[))"...▓...|)..▓
▓...:}|...▓...|=..▓
▓.........▓.......▓
▓.........▓.).....▓
▓.........▓..)(...▓
▓..§G.....▓......)▓
▓.▓JJG..▓.▓.▓..(▓(▓
▓...@G..G.▓(..).((▓
▓▓▓▓▓▓▓▓▓▓▓▓▓▓▓▓▓▓▓
▓..8©8..▓ ▓...)"..▓
▓..).}..▓ ▓.......▓
▓.......▓ ▓.......▓
▓..)....▓


You could see a slime creature, an eye of devastation, an ooze and 3 golden
eyes.

Vanquished Creatures
  A vault guard (D)
  An ironbrand convoker (D)
  An orc knight (D)
  A shining eye (D)
  2 yaktaurs (D)
  A slime creature (D)
  2 yaks (D)
  2 nagas (D)
  A necrophage (D)
  A phantom (D)
  A wight (D)
  A crimson imp (D)
  A quasit (D)
  An orc priest (D)
  An adder (D)
  2 river rats (D)
  A shadow imp (D)
  A white imp (D)
  An ooze (D)
  2 adder skeletons (D)
  3 orcs (D)
  A bat zombie (D)
  A jackal (D)
30 creatures vanquished.

Notes
Turn   | Place    | Note
-------+----------+-------------------------------------------
     0 | D        | Garfong the Gargoyle Earth Elementalist began the quest for the Orb.
     0 | D        | Reached XP level 1. HP: 10/10 MP: 3/3
     0 | D        | Found a blossoming altar of Fedhas.
    22 | D        | Found a deep blue altar of Sif Muna.
    22 | D        | Found a sacrificial altar of Ru.
    22 | D        | Found a bloodstained altar of Trog.
    22 | D        | Found a stormy altar of Qazlal.
    22 | D        | Found an iron altar of Okawaru.
    22 | D        | Found a sparkling altar of Nemelex Xobeh.
    24 | D        | Found an ancient bone altar of Kikubaaqudgha.
    24 | D        | Found a viscous altar of Jiyva.
    24 | D        | Found a corrupted altar of Lugonu.
    24 | D        | Found a hazy altar of Hepliaklqana.
    24 | D        | Found a burning altar of Makhleb.
    24 | D        | Found an opulent altar of Gozag.
    52 | D        | Became a worshipper of Vehumet
    67 | D        | Reached XP level 2. HP: 15/15 MP: 5/5
    69 | D        | Entered arena 1.
    69 | D        | Noticed a golden eye
   127 | D        | Entered arena 2.
   127 | D        | Noticed a naga
   127 | D        | Noticed a naga
   144 | D        | Killed a naga
   144 | D        | Reached * piety under Vehumet
   144 | D        | Offered knowledge of Sting by Vehumet.
   144 | D        | Reached XP level 3. HP: 17/19 MP: 3/6
   144 | D        | Reached XP level 4. HP: 22/24 MP: 3/7
   144 | D        | Reached XP level 5. HP: 25/28 MP: 3/8
   156 | D        | Killed a naga
   156 | D        | Reached XP level 6. HP: 19/32 MP: 3/9
   287 | D        | Entered arena 3.
   296 | D        | Reached skill level 5 in Earth Magic
   297 | D        | Reached ** piety under Vehumet
   297 | D        | Offered knowledge of Searing Ray by Vehumet.
   300 | D        | Reached skill level 7 in Earth Magic
   363 | D        | Entered arena 4.
   365 | D        | Reached *** piety under Vehumet
   371 | D        | Reached skill level 8 in Earth Magic
   505 | D        | Entered arena 5.
   505 | D        | Noticed a yak
   505 | D        | Noticed a yak
   509 | D        | Offered knowledge of Throw Flame by Vehumet.
   509 | D        | Reached **** piety under Vehumet
   519 | D        | Killed a yak
   519 | D        | Reached skill level 5 in Armour
   519 | D        | Reached XP level 7. HP: 32/36 MP: 10/10
   539 | D        | Killed a yak
   539 | D        | Reached ***** piety under Vehumet
   811 | D        | Entered arena 6.
   811 | D        | Noticed a yaktaur
   811 | D        | Noticed an ironbrand convoker
   811 | D        | Noticed a vault guard
   811 | D        | Noticed a yaktaur
   811 | D        | Noticed an orc knight
   811 | D        | Noticed a slime creature
   836 | D        | Killed an orc knight
   836 | D        | Offered knowledge of Ignite Poison by Vehumet.
   836 | D        | Reached XP level 8. HP: 37/41 MP: 11/11
   853 | D        | Killed a slime creature
   853 | D        | Reached skill level 10 in Earth Magic
   863 | D        | Killed a vault guard
   863 | D        | Reached skill level 13 in Earth Magic
   863 | D        | Reached XP level 9. HP: 23/45 MP: 12/12
   867 | D        | Killed a yaktaur
   867 | D        | Reached skill level 14 in Earth Magic
   886 | D        | Killed a yaktaur
   886 | D        | Reached ****** piety under Vehumet
   886 | D        | Reached skill level 15 in Earth Magic
   898 | D        | Killed an ironbrand convoker
   898 | D        | Reached skill level 16 in Earth Magic
   907 | D        | Learned a level 5 spell: Lee's Rapid Deconstruction
   911 | D        | Learned a level 3 spell: Stone Arrow
   933 | D        | Got the ring of Xunytur {+Inv rPois rC+++ EV+4 Dex-5}
   952 | D        | Identified the Guide on the Unholy Voyage (You found it in the Dungeon)
  1078 | D        | Entered arena 7.
  1080 | D        | Offered knowledge of Sticky Flame by Vehumet.
  1123 | D        | Entered arena 8.
  1123 | D        | Noticed a shining eye
  1123 | D        | Noticed an eye of devastation
  1137 | D        | Gained mutation: Your spells are a little easier to cast, but a little less powerful. [a shining eye]
  1139 | D        | Gained mutation: Your body sometimes deteriorates upon taking damage. [a shining eye]
  1145 | D        | Gained mutation: You tend to lose your temper in combat. [a shining eye]
  1148 | D        | Gained mutation: You are clumsy. (Dex -2) [a shining eye]
  1158 | D        | Gained mutation: You often lose your temper in combat. [a shining eye]
  1162 | D        | Killed a shining eye
  1162 | D        | Reached skill level 5 in Spellcasting
  1162 | D        | Reached XP level 10. HP: 20/50 MP: 14/18
  1162 | D        | Blown up by an eye of devastation

Skill      XL: |  1  2  3  4  5  6  7  8  9 |
---------------+----------------------------+-----
Maces & Flails | 7 11 12 | 12.5
Earth Magic    | 8 13 16 | 16.7
Armour         | 5 11 | 11.7
Spellcasting   | 5 |  5.9
Dodging        | |  1.5
Stealth        | |  2.1
Transmutations | |  0.7

Action                   |  1- 3 |  4- 6 |  7- 9 | 10-12 || total
-------------------------+-------+-------+-------+-------++-------
Melee: Demon whip        |    20 |    32 |   119 |       ||   171
       Whip              |       |       |    10 |       ||    10
 Cast: Sandblast         |     3 |     7 |     2 |       ||    12
  Use: Potion            |     6 |       |     6 |       ||    12
       Scroll            |     1 |       |     2 |       ||     3
  Eat: Chunk             |       |       |     1 |       ||     1
Armor: Ice dragon scales |     7 |    19 |    16 |       ||    42
       Fire dragon scale |       |       |    22 |       ||    22
Dodge: Dodged            |     6 |    22 |    39 |       ||    67
Block: Buckler           |     2 |     7 |    16 |       ||    25
